 Dungeon Crawl Stone Soup version 0.25-a0-705-ge9988fc0fb (webtiles) character file.

Game seed: 11230675269107004361, levelgen mode: deterministic

32 Maedhros the Charlatan (level 3, 0/23 HPs)
             Began as an Octopode Artificer on Apr 4, 2020.
             Succumbed to a hobgoblin's poison
             ... on level 1 of the Dungeon.
             The game lasted 00:01:42 (602 turns).

Maedhros the Charlatan (Octopode Artificer)          Turns: 602, Time: 00:01:43

Health: 0/23       AC:  1    Str: 11    XL:     3   Next: 27%
Magic:  6/6        EV: 13    Int: 13    God:
Gold:   42         SH:  0    Dex: 13    Spells: 2/2 levels left

rFire    . . .     SeeInvis .   h - +0 dagger (freeze)
rCold    . . .     Gourm    .   (no shield)
rNeg     . . .     Faith    .   (helmet restricted)
rPois    .         Spirit   .   (no amulet)
rElec    .         Reflect  .   e - ring of wizardry
rCorr    .         Harm     .   (no ring)
MR       .....                  (no ring)
Stlth    +++.......             (no ring)
HPRegen  0.07/turn              (no ring)
MPRegen  0.10/turn              (no ring)
                                (no ring)
                                (no ring)

@: lethally poisoned (0 -> -6)
A: almost no armour, stealthy swim, amphibious, 8 rings, constrict 8, camouflage
1, gelatinous body 1
a: no special abilities


You were on level 1 of the Dungeon.
You were not hungry.

You visited 1 branch of the dungeon, and saw 1 of its levels.

You collected 42 gold pieces.

Inventory:

Hand Weapons
 a - a +0 short sword
 h - a +0 dagger of freezing (weapon)
Jewellery
 e - a ring of wizardry (left tentacle)
Wands
 b - a wand of flame (13)
 c - a wand of enslavement (15)
 d - a wand of random effects (15)
Scrolls
 j - a scroll of enchant weapon {unknown}
 k - a scroll of identify
 l - a scroll of teleportation {unknown}
Comestibles
 f - a ration


   Skills:
 - Level 1.0 Fighting
 - Level 1.0 Short Blades
 - Level 2.0 Dodging
 + Level 3.3 Stealth
 + Level 4.1 Evocations


You had 2 spell levels left.
You didn't know any spells.
Your spell library was empty.

Dungeon Overview and Level Annotations

Branches:
Dungeon (1/15)

Altars:


Innate Abilities, Weirdness & Mutations

You cannot wear most types of armour.
You are very stealthy in the water. (Stealth+)
You are amphibious.
You can wear up to eight rings at the same time.
You can use your tentacles to constrict eight enemies at once.
Your skin changes colour to match your surroundings (Stealth+).
Your rubbery body absorbs attacks. (AC +1, EV +1)


Message History

Your grab misses the giant cockroach.
The giant cockroach is severely wounded.
* * * LOW HITPOINT WARNING * * *
You feel sick.
The giant cockroach is engulfed in a cloud of scalding steam.
You kill the giant cockroach!
There is a lethal amount of poison in your body!
There is a lethal amount of poison in your body!
You aren't carrying any potions.
* * * LOW HITPOINT WARNING * * *
You feel sick.
* * * LOW HITPOINT WARNING * * *
You feel sick.
* * * LOW HITPOINT WARNING * * *
You feel sick.
* * * LOW HITPOINT WARNING * * *
You feel sick.
* * * LOW HITPOINT WARNING * * *
You feel sick.
You die...

≈≈≈...≈≈≈≈....# ##.##
#......
.≈≈≈≈≈≈≈.....########.##
#..##..
≈..≈≈≈$.≈...##.........#
#.# #.#
....≈....≈..8#...####..# #.
#.#
.#..≈..#...."#.........# #
..#
###...####....#..#####.#
#### ##.#######..#..#####.#
..# #..
.................########.#
#.#
..........@..###.......##.#
.........#...# #(....#.##..
.............#######.#.###.
..........#................
..........##########.#.####
..........# #.#.#
.........# #.#.# ....#...
#.#.. #.###


There were no monsters in sight!

Vanquished Creatures
  2 oozes (D:1)
  A leopard gecko (D:1)
  A ball python (D:1)
  A giant cockroach (D:1)
  4 goblins (D:1)
  2 hobgoblins (D:1)
  4 bats (D:1)
  3 frilled lizards (D:1)
  2 kobolds (D:1)
  3 rats (D:1)
23 creatures vanquished.

Notes
Turn   | Place    | Note
-------+----------+-------------------------------------------
     0 | D:1      | Maedhros the Octopode Artificer began the quest for the
                  | Orb.
     0 | D:1      | Reached XP level 1. HP: 13/13 MP: 3/3
    26 | D:1      | Reached XP level 2. HP: 18/18 MP: 4/4
   447 | D:1      | Reached XP level 3. HP: 16/23 MP: 5/5
   455 | D:1      | Reached skill level 4 in Evocations
   600 | D:1      | HP: 1/23 [poisoned by a hobgoblin]
   602 | D:1      | Succumbed to a hobgoblin's poison

Levels and vault maps discovered:
D:1:      eino_arrival_water_star, layout_loops_ring, kennysheep_crisscross

Skill      XL: |  1  2  3 |
---------------+----------+-----
Stealth        | 2 3 |  3.3
Evocations     | 4 |  4.1
Fighting       | |  1.0
Short Blades   | |  1.0
Dodging        | |  2.0

Action                   || total
-------------------------++-------
Melee: Short sword       ||    10
       Tentacles         ||     7
       Constrict         ||    12
       Dagger            ||    47
Evoke: Wand              ||     2
  Use: Scroll            ||     3
Armor: Skin              ||    14
Dodge: Dodged            ||    49

Table legend:
 A = Non-vault XP
 B = Vault XP
 C = Vault XP percentage of total XP
 D = Non-vault monster count
 E = Vault monster count
 F = Vault count percentage of total count
                 A         B        C        D         E       F
            +---------+---------+-------+---------+---------+-------
      Total |      47 |       0 |   0.0 |      23 |       0 |   0.0
            +---------+---------+-------+---------+---------+-------
        D:1 |      47 |       0 |   0.0 |      23 |       0 |   0.0
            +---------+---------+-------+---------+---------+-------
